 Dungeon Crawl Stone Soup version 0.29.1-4-g47bece8355 (webtiles) character file.

Game seed: 2133136893970455836

2463 ChadusMaximus the Summoner (level 9, -3/57 HPs)
             Began as a Human Summoner on Dec 7, 2022.
             Was an Initiate of Yredelemnul.
             Slain by a killer bee (6 damage)
             ... on level 7 of the Dungeon.
             The game lasted 00:15:06 (7751 turns).

ChadusMaximus the Summoner (Human Summoner)         Turns: 7751, Time: 00:15:07

Health: -3/57      AC:  6    Str:  9    XL:     9   Next: 79%
Magic:  8/19       EV: 13    Int: 20    God:    Yredelemnul [......]
Gold:   272        SH:  0    Dex: 19    Spells: 8/21 levels left

rFire   . . .      SeeInvis .   o - +0 spear
rCold   . . .      Faith    .   (no shield)
rNeg    . . .      Spirit   .   I - +0 robe {Will+}
rPois   .          Reflect  .   (no helmet)
rElec   .          Harm     .   l - +2 cloak
rCorr   .          Rampage  .   m - +0 pair of gloves
Will    .....                   (no boots)
Stlth   ++........              (no amulet)
HPRegen 0.19/turn               h - +4 ring of slaying
MPRegen 0.16/turn               j - +6 ring of dexterity

@: lethally poisoned (-3 -> -15), weak-willed
A: no striking features
a: Renounce Religion, Recall Undead Harvest


You were on level 7 of the Dungeon.
You worshipped Yredelemnul.
Yredelemnul was noncommittal.
You visited 1 branch of the dungeon, and saw 8 of its levels.

You collected 272 gold pieces.

Inventory:

Hand Weapons
 k - a +0 dagger
 o - a +0 spear (weapon)
Missiles
 E - a throwing net
Armour
 a - a +0 robe
 l - a +2 cloak (worn)
 m - a +0 pair of gloves (worn)
 w - a +0 pair of gloves
 I - a +0 robe of willpower (worn)
Magical Staves
 n - a staff of death
Jewellery
 h - a +4 ring of slaying (left hand)
 j - a +6 ring of dexterity (right hand)
 r - an amulet of the acrobat
 C - an amulet of reflection
Wands
 x - a wand of polymorph (9)
 H - a wand of flame (11)
Scrolls
 b - a scroll of poison {unknown}
 d - 2 scrolls of vulnerability
 g - a scroll of silence
 q - 2 scrolls of identify
 s - 2 scrolls of fog
 u - 2 scrolls of amnesia {unknown}
 y - 3 scrolls of teleportation {unknown}
 z - 2 scrolls of blinking {unknown}
 G - a scroll of immolation {unknown}
 K - 2 scrolls of fear {unknown}
Potions
 c - 2 potions of degeneration {unknown}
 e - a potion of attraction
 f - 2 potions of haste
 i - 3 potions of curing {unknown}
 p - 2 potions of heal wounds
 t - 4 potions of flight {unknown}
 v - 2 potions of mutation {unknown}
 A - a potion of ambrosia {unknown}
 B - a potion of lignification {unknown}
 D - 2 potions of brilliance {unknown}
 F - a potion of cancellation {unknown}
 J - a potion of berserk rage {unknown}


   Skills:
 - Level 2.2 Dodging
 - Level 2.2 Stealth
 + Level 6.8 Spellcasting
 * Level 10.9 Summonings


You had 8 spell levels left.
You knew the following spells:

 Your Spells              Type           Power      Damage    Failure   Level
a - Summon Small Mammal   Summ           100%       N/A       1%          1
b - Call Canine Familiar  Summ           50%        N/A       1%          3
c - Call Imp              Summ           50%        N/A       1%          2
d - Summon Lightning Spi  Summ/Air       28%        N/A       10%         4
e - Summon Guardian Gole  Hex/Summ       28%        N/A       3%          3

Your spell library contained the following spells:

 Spells                   Type           Power      Damage    Failure   Level
 Apportation              Tloc           12%        N/A       10%         1
 Necrotise                Necr           24%        1d5       10%         1
 Ensorcelled Hibernation  Hex/Ice        12%        N/A       14%         2
 Passwall                 Tmut/Erth      5%         N/A       14%         2
 Sublimation of Blood     Necr           6%         N/A       14%         2
 Wereblood                Tmut           6%         N/A       14%         2
 Gell's Gravitas          Tloc           6%         N/A       28%         3
 Portal Projectile        Hex/Tloc       12%        N/A       28%         3
 Swiftness                Air            6%         N/A       28%         3
 Teleport Other           Tloc           6%         N/A       28%         3
 Tukima's Dance           Hex            6%         N/A       28%         3
 Summon Hydra             Summ           25%        N/A       65%         7
 Passage of Golubria      Tloc           6%         N/A       67%         4
 Blade Hands              Tmut           3%         N/A       95%         5
 Yara's Violent Unravell  Hex/Tmut       3%         3d4       95%         5
 Dispersal                Tloc           3%         N/A       100%        6


Dungeon Overview and Level Annotations

Branches:
Dungeon (8/15)             Temple (0/1) D:6
   Lair: D:8-11

Altars:
Hepliaklqana
Okawaru
Ru
Trog
Uskayaw
Yredelemnul
The Shining One

Shops:
D:1 :   D:3 (   D:4 [


Message History

The killer bee closely misses you.
You feel much better.
You feel very sick. The killer bee misses you.
The killer bee stings you but does no damage.
Your wolf barely misses the killer bee.
The killer bee barely misses you. The killer bee misses you.
Your wolf barely misses the killer bee.
As you read the scroll labelled ROESEXZ OMNO, it crumbles to dust.
Magic quickly surges around you.
It was a scroll of vulnerability.
You feel very sick.
The killer bee stings you but does no damage.
Your wolf bites the killer bee.
The killer bee misses your wolf. The killer bee closely misses you.
Okay, then.
The killer bee attacks as you move away!
The killer bee barely misses you.
You feel very sick.
Your wolf closely misses the killer bee.
The killer bee closely misses your wolf.
Your wolf completely misses the killer bee.
The killer bee misses your wolf. The killer bee stings you.
As you read the scroll labelled IGRUGU LAYKEJO, it crumbles to dust.
It is a scroll of identify.
s - 2 scrolls of fog You feel sick.
The killer bee stings your wolf but does no damage.
The killer bee stings you.
* * * LOW HITPOINT WARNING * * *
You are more poisoned.
The killer bee poisons you! The killer bee stings you!
* * * LOW HITPOINT WARNING * * *
The killer bee barely misses you.
Your wolf closely misses the killer bee.
The killer bee stings you.
* * * LOW HITPOINT WARNING * * *
The killer bee barely misses you.
The killer bee stings your wolf but does no damage.
The killer bee stings you.
You die...
Your body rises from the dead as a mindless zombie.

.[..........#...######...#
......).....#...##...§.§.##...
)...........#...##8..°§§y.y...
..))........#....#............
...####.Z...#...##.y##...##..#
.).# #.....#...##yh##...# #
#'## #...).#...##.........
.).# #.....'...yyy.........
...# #.....#<..@yy..........
#### #.....#################
#######


You could see 7 killer bees and a friendly wolf (summoned, weak-willed).

Vanquished Creatures
  A necrophage (D:6)
  A bullfrog (D:6)
  2 orc priests
  A hound (D:6)
  A jelly (D:5)
  An iguana (D:4)
  3 gnolls (D:5)
  5 adders
  A white imp (D:5)
  A dart slug (D:4)
  7 orcs
  6 bats
  4 endoplasms
  2 giant cockroaches
  A goblin (D:2)
  2 hobgoblins
  6 kobolds
  3 quokkas
  6 ball pythons
  A frilled lizard (D:2)
  3 rats
58 creatures vanquished.

Vanquished Creatures (collateral kills)
  Grinder (D:3)
  Sigmund (D:4)
  A wyvern (D:5)
  2 black bears
  2 ice beasts
  2 ogres
  2 phantoms
  A gnoll sergeant (D:6)
  2 scorpions (D:5)
  2 killer bees (D:7)
  A gnoll bouda (D:5)
  2 orc priests
  3 hounds (D:5)
  Jessica (D:3)
  An iguana (D:6)
  An orc wizard (D:4)
  4 adders
  18 gnolls
  An ufetubus (D:4)
  A worm (D:4)
  A dart slug (D:4)
  12 orcs
  4 endoplasms
  2 goblins (D:4)
  2 quokkas
  4 ball pythons
  2 bats (D:1)
  2 frilled lizards
  A kobold (D:1)
79 creatures vanquished.

Vanquished Creatures (others)
  2 killer bees (D:7)
  An ogre zombie (D:6)
  9 gnoll zombies
  A kobold zombie (D:3)
  A rat zombie (D:4)
  25 fungi (D:4)
  A plant (D:2)
40 creatures vanquished.

Grand Total: 177 creatures vanquished

Notes
Turn   | Place    | Note
-------+----------+-------------------------------------------
     0 | D:1      | ChadusMaximus the Human Summoner began the quest for the
                  | Orb.
     0 | D:1      | Reached XP level 1. HP: 13/13 MP: 3/3
   309 | D:1      | Found Omenetabav's Book Emporium.
   440 | D:1      | Reached XP level 2. HP: 18/19 MP: 1/5
  1082 | D:2      | Reached XP level 3. HP: 24/24 MP: 6/6
  1189 | D:2      | Learned a level 3 spell: Call Canine Familiar
  1192 | D:2      | Learned a level 2 spell: Call Imp
  1428 | D:2      | Found a hazy altar of Hepliaklqana.
  1590 | D:2      | Reached XP level 4. HP: 30/30 MP: 7/7
  1917 | D:3      | Found a faded altar of an unknown god.
  1964 | D:3      | Noticed Grinder
  2244 | D:3      | You fall into a shaft and drop 3 floors!
  2320 | D:6      | Found a staircase to the Ecumenical Temple.
  2323 | D:6      | Noticed a gnoll sergeant
  2509 | D:7      | Noticed a bullfrog
  2522 | D:7      | Noticed a wight
  2522 | D:7      | Noticed a wight
  2533 | D:7      | Noticed a wight
  2538 | D:7      | Noticed a bullfrog
  2540 | D:7      | Found an iron altar of Okawaru.
  2586 | D:8      | Noticed a two-headed ogre
  2621 | D:8      | Noticed a wolf
  2621 | D:8      | Noticed a wolf
  2640 | D:7      | Noticed a bullfrog
  2665 | D:6      | Killed a bullfrog
  2666 | D:6      | Reached skill level 5 in Summonings
  2666 | D:6      | Reached XP level 5. HP: 16/35 MP: 1/9
  2848 | D:5      | Entered Level 5 of the Dungeon
  2855 | D:5      | Reached XP level 6. HP: 41/41 MP: 6/11
  2896 | D:5      | Noticed an ogre
  2910 | D:5      | Killed an ogre
  2911 | D:5      | Reached skill level 6 in Summonings
  2982 | D:5      | Noticed a wyvern
  3053 | D:5      | Killed a wyvern
  3054 | D:5      | Reached XP level 7. HP: 7/46 MP: 0/13
  3576 | D:4      | Noticed Sigmund
  3827 | D:4      | Learned a level 4 spell: Summon Lightning Spire
  3852 | D:4      | Reached skill level 7 in Summonings
  4067 | D:4      | Found a basalt altar of Yredelemnul.
  4107 | D:4      | Became a worshipper of Yredelemnul the Dark
  4305 | D:4      | Killed Sigmund
  4306 | D:4      | Reached skill level 8 in Summonings
  4306 | D:4      | Reached XP level 8. HP: 51/52 MP: 8/15
  4397 | D:4      | Found Cudat's Armour Boutique.
  4433 | D:4      | Found a bloodstained altar of Trog.
  4470 | D:4      | Reached * piety under Yredelemnul
  4760 | D:3      | Found a hide-covered altar of Uskayaw.
  4967 | D:3      | Noticed Jessica
  4976 | D:3      | Killed Jessica
  4978 | D:3      | Reached skill level 5 in Spellcasting
  5014 | D:3      | Found Wahuablise's Weapon Shop.
  5045 | D:3      | Killed Grinder
  5308 | D:3      | Reached ** piety under Yredelemnul
  5651 | D:5      | Reached skill level 9 in Summonings
  5752 | D:5      | Reached XP level 9. HP: 10/57 MP: 9/17
  6303 | D:5      | Reached skill level 10 in Summonings
  6901 | D:6      | Found a glowing golden altar of the Shining One.
  7229 | D:6      | Found a sacrificial altar of Ru.
  7699 | D:7      | Learned a level 3 spell: Summon Guardian Golem
  7751 | D:7      | Slain by a killer bee

Illustrated notes

Levels and vault maps discovered:
D:1:      amcnicky_arrival_single_pillar, layout_loops_ring, serial_shops,
          nicolae_shop_trees
D:2:      layout_basic, serial_forest, infiniplex_forest_zigzag_1,
          infiniplex_forest_clump_cross, infiniplex_forest_end_2,
          infiniplex_forest_zigzag_1, infiniplex_forest_straight_2,
          infiniplex_forest_straight_4, infiniplex_forest_clump_small,
          infiniplex_forest_straight_5, infiniplex_forest_end_1, basic_altar
D:3:      layout_basic, nicolae_overflow_hidden_temple,
          hellmonk_ecumenical_altar_run_dry, serial_shops,
          nicolae_shop_bloodbath_and_beyond, uniq_grinder, uniq_jessica
D:4:      layout_basic, mainiacjoe_overflow_chevrons, trog_butcher_becter,
          serial_shops, nicolae_shop_window_shopping, hangedman_minor_gate_pass,
          uniq_sigmund
D:5:      layout_basic
D:6:      layout_basic, nicolae_ru_sacrificial_ziggurat,
          mainiacjoe_overflow_24_doors, minmay_temple_entry_proselytizer
D:7:      layout_gridville, cheibrodos_ashenzari_chains,
          okawaru_metal_pillars_1_2, uniq_duvessa
D:8:      layout_basic, mainiacjoe_overflow_catwalk,
          mainiacjoe_overflow_alcove_4, uniq_grum, uniq_amaemon, uniq_erica

Skill      XL: |  1  2  3  4  5  6  7  8  9 |
---------------+----------------------------+-----
Spellcasting   | 3 4 5 6 |  6.8
Summonings     | 5 6 8 9 10 | 10.9
Dodging        | |  2.2
Stealth        | |  2.2

Action                   |  1- 3 |  4- 6 |  7- 9 || total
-------------------------+-------+-------+-------++-------
Melee: Unarmed           |    25 |       |       ||    25
       Spear             |    36 |    22 |   194 ||   252
       Dagger            |     3 |       |       ||     3
       Punch             |       |     1 |     3 ||     4
 Cast: Summon Small Mamm |    21 |     8 |    19 ||    48
       Call Canine Famil |     1 |    13 |    27 ||    41
       Call Imp          |       |     4 |     9 ||    13
       Summon Lightning  |       |       |     5 ||     5
       Summon Guardian G |       |       |     1 ||     1
  Use: Scroll            |       |     1 |     2 ||     3
       Potion            |       |     2 |     3 ||     5
 Stab: Sleeping          |     9 |     2 |     5 ||    16
       Distracted        |       |       |     4 ||     4
Armor: Robe              |    19 |     8 |    50 ||    77
Dodge: Dodged            |    54 |    28 |   113 ||   195
